 Dungeon Crawl Stone Soup version 0.31.0-11-ge490571c62 (webtiles) character file.

Game seed: 4400720962040150013

5238 Sobieck the Skirmisher (level 10, -16/63 HPs)
             Began as a Deep Elf Hunter on Jan 29, 2024.
             Was an Elder of Dithmenos.
             Demolished by Erica
             ... wielding a +3 scimitar of flaming
              (23 damage)
             ... on level 8 of the Dungeon.
             The game lasted 00:23:49 (8497 turns).

Sobieck the Skirmisher (Deep Elf Hunter)            Turns: 8497, Time: 00:23:50

Health: -16/63     AC:  6    Str:  8    XL:     10   Next: 35%
Magic:  0/12       EV: 15    Int: 15    God:    Dithmenos [****..]
Gold:   428        SH:  0    Dex: 22    Spells: 9/9 levels left

rFire   . . .        a - +0 orcbow
rCold   . . .        (shield currently unavailable)
rNeg    . . .        c - +1 leather armour
rPois   .            (no helmet)
rElec   +            (no cloak)
rCorr   .            (no gloves)
SInv    +            (no boots)
Will    ++...        j - amulet of guardian spirit
Stlth   ++++         s - ring of see invisible
HPRegen 0.30/turn    m - ring of willpower
MPRegen 0.13/turn

%: guardian spirit
@: hasted, wreathed by umbra, constricted, very quick
A: iridescent scales 1, electricity resistance
a: Renounce Religion, Shadow Step


You were on level 8 of the Dungeon.
You worshipped Dithmenos.
Dithmenos was greatly pleased with you.
You visited 1 branch of the dungeon, and saw 8 of its levels.

You collected 428 gold pieces.

Inventory:

Hand Weapons
 a - a +0 orcbow (weapon)
 f - a +1 shortbow
Missiles
 k - 17 poisoned darts
Armour
 c - a +1 leather armour (worn)
Magical Staves
 v - a staff of conjuration
Jewellery
 d - a ring of flight
 j - an amulet of guardian spirit (around neck)
 m - a ring of willpower (right hand)
 s - a ring of see invisible (left hand)
Wands
 e - a wand of mindburst (8)
 g - a wand of polymorph (29)
 h - a wand of roots (5)
 D - a wand of digging (7)
Scrolls
 b - a scroll of butterflies
 q - a scroll of enchant weapon
 T - a scroll of teleportation
Potions
 i - 3 potions of ambrosia
 l - a potion of berserk rage
 n - a potion of magic {unknown}
 o - a potion of lignification
 p - a potion of cancellation
 t - a potion of attraction {unknown}
 u - 2 potions of brilliance {unknown}


   Skills:
 + Level 7.1 Fighting
 * Level 13.9 Ranged Weapons
 + Level 9.3 Dodging
 - Level 5.0 Stealth


You had 9 spell levels left.
You didn't know any spells.
Your spell library contained the following spells:

 Spells                   Type           Power      Damage    Failure   Level
 Ensorcelled Hibernation  Hex/Ice        0%         N/A       52%         2
 Mercury Vapours          Alch/Air       0%         N/A       52%         2
 Fugue of the Fallen      Necr           0%         N/A       75%         3
 Mephitic Cloud           Conj/Alch/Air  0%         N/A       75%         3
 Anguish                  Hex/Necr       0%         N/A       98%         4
 Freezing Cloud           Conj/Ice/Air   0%         6-21      100%        5


Dungeon Overview and Level Annotations

Branches:
Dungeon (8/15)             Temple (0/1) D:4            Lair (0/5) D:8

Altars:
Dithmenos
Elyvilon
Fedhas
Gozag
Kikubaaqudgha
Sif Muna
Trog
Vehumet
Xom

Shops:
D:3 :

Annotations:
D:6 3 runed translucent doors, Warped's ghost, novice MiGl
D:7 2 transporters, Livid's ghost, novice GnAr
D:8 Erica; Gastronok; Jeremiah


Innate Abilities, Weirdness & Mutations

You are partially covered in iridescent scales. (AC +2)
You are resistant to electric shocks. (rElec)


Message History

* * * LOW HITPOINT WARNING * * *
Unknown command.
You shoot an arrow. The arrow hits Erica!!
Erica is heavily wounded.
You shoot an arrow. The arrow closely misses Erica.
A gnoll comes into view. It is wielding a +0 club.
Erica hits you with a +3 scimitar of flaming!
* * * LOW HITPOINT WARNING * * *
Erica burns you.
* * * LOW HITPOINT WARNING * * *
Erica constricts you.
* * * LOW HITPOINT WARNING * * *
You shoot an arrow. The arrow barely misses Erica.
Erica misses you. Erica constricts you.
* * * LOW HITPOINT WARNING * * *
Unknown command.
You feel yourself speed up.
Erica hits you with a +3 scimitar of flaming.
* * * LOW HITPOINT WARNING * * *
Erica burns you.
* * * LOW HITPOINT WARNING * * *
Erica constricts you.
* * * LOW HITPOINT WARNING * * *
Unknown command.
You shoot an arrow. The arrow closely misses Erica.
Erica barely misses you. Erica constricts you.
* * * LOW HITPOINT WARNING * * *
You shoot an arrow. The arrow barely misses Erica.
The arrow hits the gnoll but does no damage.
You shoot an arrow. The arrow hits Erica!
Erica is severely wounded.
Erica hits you with a +3 scimitar of flaming!
* * * LOW HITPOINT WARNING * * *
Erica burns you.
* * * LOW HITPOINT WARNING * * *
Erica constricts you.
* * * LOW HITPOINT WARNING * * *
You shoot an arrow. The arrow closely misses Erica.
The arrow hits the gnoll.
The gnoll is heavily wounded.
Erica closely misses you. Erica constricts you.
* * * LOW HITPOINT WARNING * * *
You shoot an arrow.
The arrow hits Erica but does no damage.
Erica is severely wounded.
Your shadow shoots an arrow.
The arrow completely misses Erica.
You shoot an arrow. The arrow hits Erica.
Erica is severely wounded.
Erica hits you with a +3 scimitar of flaming!!
You die...
Erica begins burbling mirthfully and uncontrollably.

##.#........#.. .#
#..########.#.# .# ##
#..#........#.# .##..
#..#.########.##... .
#..#........#..#.##.)∩)
#..########.#........).
#..#........#..#.##....
#..#.########.##.# .
#..........@xg# x.
#..#.....###### ...
##.......# #.##
##..♣..### .#
##.......# .. ##
#....>...#
.#####.......#
...####♣...♣##
....###...%#


You could see Erica and a gnoll.

Vanquished Creatures
  Pikel (D:4)
  A troll (D:7)
  Prince Ribbit (D:5)
  Sigmund (D:5)
  3 yaks
  Edmund (D:3)
  4 water moccasins
  Duvessa (D:7)
  2 sky beasts
  An orc warrior (D:7)
  A black bear (D:6)
  2 centaurs
  A phantom (D:3)
  4 lemures
  3 kobold brigands
  A bullfrog (D:8)
  5 scorpions
  13 wights
  Dowan (D:7)
  4 killer bees (D:6)
  A vampire bat (D:5)
  4 hounds
  An orc priest (D:7)
  3 bombardier beetles
  A jelly (D:6)
  A gnoll bouda (D:8)
  6 iguanas
  Ijyb (D:4)
  3 sleepcaps
  2 orc wizards (D:5)
  5 gnolls
  12 adders
  A shadow imp (D:7)
  3 white imps
  4 ufetubi
  2 dart slugs
  3 fire bats (D:5)
  A ribbon worm (D:4)
  21 orcs
  2 spectral bats (D:5)
  7 ball pythons
  3 bat skeletons (D:5)
  A bat zombie (D:5)
  2 endoplasms
  4 giant cockroaches
  9 goblins
  6 hobgoblins
  5 jackals
  2 quokkas
  11 bats
  A bat simulacrum (D:5)
  5 frilled lizards
  14 kobolds
  4 rats
202 creatures vanquished.

Notes
Turn   | Place    | Note
-------+----------+-------------------------------------------
     0 | D:1      | Sobieck the Deep Elf Hunter began the quest for the Orb.
     0 | D:1      | Reached XP level 1. HP: 12/12 MP: 3/3
   289 | D:1      | Reached XP level 2. HP: 17/17 MP: 4/4
   885 | D:2      | Reached skill level 6 in Ranged Weapons
   887 | D:2      | Reached XP level 3. HP: 21/21 MP: 5/5
  1512 | D:3      | Found Uwothog's Book Emporium.
  1518 | D:3      | Found an ancient bone altar of Kikubaaqudgha.
  1549 | D:3      | Reached skill level 3 in Dodging
  1911 | D:3      | Reached XP level 4. HP: 21/26 MP: 6/6
  1981 | D:3      | Found a shadowy altar of Dithmenos.
  1991 | D:3      | Became a worshipper of Dithmenos the Shadowed
  2089 | D:3      | Found a blossoming altar of Fedhas.
  2427 | D:4      | Noticed a lemure
  2428 | D:4      | Noticed a lemure
  2429 | D:4      | Noticed a lemure
  2442 | D:3      | Killed a lemure
  2689 | D:3      | Reached skill level 7 in Ranged Weapons
  2689 | D:3      | Reached XP level 5. HP: 9/31 MP: 7/7
  3013 | D:4      | Noticed a phantom
  3036 | D:3      | Killed a phantom
  3190 | D:3      | Reached skill level 3 in Fighting
  3190 | D:3      | Reached XP level 6. HP: 28/37 MP: 8/8
  3272 | D:4      | Found a staircase to the Ecumenical Temple.
  3309 | D:4      | Noticed Ijyb
  3310 | D:4      | Reached skill level 8 in Ranged Weapons
  3482 | D:4      | Found a white marble altar of Elyvilon.
  3756 | D:4      | Killed Ijyb
  3756 | D:4      | Reached * piety under Dithmenos
  3858 | D:4      | Found a radiant altar of Vehumet.
  3859 | D:4      | Found a shimmering altar of Xom.
  3956 | D:4      | Noticed Edmund
  3986 | D:4      | Noticed Pikel
  3992 | D:3      | Killed Edmund
  3993 | D:3      | Reached XP level 7. HP: 35/41 MP: 6/9
  4182 | D:4      | Reached skill level 9 in Ranged Weapons
  4261 | D:4      | Gained mutation: You are frail. (-10% HP) [potion of
                  | mutation]
  4261 | D:4      | Gained mutation: You are resistant to electric shocks.
                  | (rElec) [potion of mutation]
  4261 | D:4      | Gained mutation: Your mind is acute. (Int +4, Str/Dex -1)
                  | [potion of mutation]
  4261 | D:4      | Gained mutation: You have sharp toenails. [potion of
                  | mutation]
  4263 | D:4      | Killed Pikel
  4264 | D:4      | Reached skill level 6 in Dodging
  4264 | D:4      | Reached XP level 8. HP: 44/44 MP: 1/10
  4302 | D:4      | Lost mutation: You have sharp toenails. [potion of
                  | mutation]
  4302 | D:4      | Lost mutation: You are frail. (-10% HP) [potion of
                  | mutation]
  4302 | D:4      | Lost mutation: Your mind is acute. (Int +4, Str/Dex -1)
                  | [potion of mutation]
  4302 | D:4      | Gained mutation: You are partially covered in iridescent
                  | scales. (AC +2) [potion of mutation]
  4338 | D:5      | Entered Level 5 of the Dungeon
  4734 | D:5      | Found an opulent altar of Gozag.
  4754 | D:5      | Noticed Prince Ribbit
  4770 | D:5      | Killed Prince Ribbit
  4771 | D:5      | Reached skill level 3 in Stealth
  5115 | D:5      | Reached skill level 10 in Ranged Weapons
  5206 | D:5      | Reached ** piety under Dithmenos
  5282 | D:5      | Noticed Sigmund
  5289 | D:5      | Killed Sigmund
  5353 | D:5      | Found a shimmering blue altar of Sif Muna.
  5542 | D:6      | Reached XP level 9. HP: 26/55 MP: 5/11
  5776 | D:6      | Reached skill level 11 in Ranged Weapons
  5953 | D:6      | Found a runed translucent gate.
  5954 | D:6      | Found a runed translucent gate.
  5955 | D:6      | Found a runed translucent gate.
  5957 | D:6      | Noticed Warped's ghost (novice MiGl)
  6122 | D:6      | Reached skill level 6 in Fighting
  6589 | D:7      | Reached *** piety under Dithmenos
  6600 | D:7      | Noticed a troll
  6614 | D:7      | Killed a troll
  6615 | D:7      | Reached skill level 12 in Ranged Weapons
  6765 | D:7      | Noticed Dowan
  6861 | D:7      | Noticed Duvessa
  6877 | D:7      | Killed Duvessa
  6927 | D:7      | Killed Dowan
  7095 | D:7      | Found a transporter.
  7135 | D:7      | Found a transporter.
  7139 | D:7      | Found a bloodstained altar of Trog.
  7139 | D:7      | Noticed Livid's ghost (novice GnAr)
  7139 | D:7      | Noticed a moth of wrath
  7139 | D:7      | Noticed a troll
  7995 | D:7      | Reached skill level 13 in Ranged Weapons
  7995 | D:7      | Reached XP level 10. HP: 46/61 MP: 8/12
  8126 | D:8      | Found a staircase to the Lair.
  8136 | D:8      | Reached skill level 9 in Dodging
  8147 | D:8      | Noticed Gastronok
  8149 | D:8      | Noticed Jeremiah
  8319 | D:8      | Reached **** piety under Dithmenos
  8477 | D:8      | Noticed Erica
  8497 | D:8      | Demolished by Erica

Illustrated notes

Levels and vault maps discovered:
D:1:      wander_arrival_fairy_ring, layout_basic, dreamdust_princess_bridge
D:2:      layout_loops_cross
D:3:      layout_basic, fedhas_altar_4, lemuel_doored_altar, old_standard_altar,
          serial_shops, shop
D:4:      layout_rooms, old_standard_altar, mainiacjoe_overflow_divided_tiny,
          minmay_temple_entry_stoned_glass, serial_curves, eino_curves_03,
          eino_curves_04, eino_curves_01, uniq_pikel, uniq_edmund, uniq_ijyb
D:5:      layout_basic, led_sif_book, general_overflow_altar,
          minmay_misc_feat_rows, minmay_stone_trees_medium, goddamned_bats,
          uniq_sigmund, uniq_prince_ribbit1
D:6:      layout_gridville, biasface_ghost_orc_armoury
D:7:      layout_layer_cave, gammafunk_ghost_wrathful_warriors,
          grunt_decor_junction, uniq_duvessa
D:8:      cheibrodos_fertilizer, layout_basic, lair_entry_dummy, enter_bailey_2,
          grunt_ministairs_1, minivault_27, patterned_corridor, uniq_jeremiah,
          uniq_joseph, uniq_erica, uniq_gastronok

Skill      XL: |  1  2  3  4  5  6  7  8  9 10 |
---------------+-------------------------------+-----
Ranged Weapons | 6 7 8 9 10 13 | 13.9
Stealth        | 2 4 5 |  5.0
Fighting       | 2 3 5 6 7 |  7.1
Dodging        | 3 4 5 6 7 8 9 |  9.3

Action                     |  1- 3 |  4- 6 |  7- 9 | 10-12 || total
---------------------------+-------+-------+-------+-------++-------
   Fire: Shortbow          |   119 |   168 |   164 |       ||   451
         Orcbow            |       |       |   244 |   118 ||   362
  Evoke: Wand              |       |     6 |     4 |     3 ||    13
    Use: Scroll            |       |     7 |     8 |     3 ||    18
         Potion            |       |       |     9 |     1 ||    10
 Armour: Leather armour    |    27 |    43 |   111 |    19 ||   200
         Skin              |       |       |     3 |       ||     3
  Dodge: Dodged            |    30 |    44 |   222 |    44 ||   340
